TOP OF THE 1ST |
Louisville Cardinals batting - Pitching for Baylor Bears : LHP Travis Slaughter
|
Pitching: LHP Travis Slaughter
|
|
Batting: RHB Doug Bell
|
0-0: Swinging Strike 0-1: Ball 1-1: Ball 2-1: Swinging Strike 2-2: Strikes out swinging
|
Batting: RHB Justin Tomlinson
|
0-0: Ground out 3-1 (Groundball, 34S)
|
Batting: RHB James Everhart
|
0-0: Foul Ball, location: 2F 0-1: Ball 1-1: Foul Ball, location: 2F 1-2: Foul Ball, location: 2F 1-2: Ball 2-2: Ball 3-2: Fly out, F8 (Line Drive, 8LM)
|
Top of the 1st over - 0 run(s), 0 hit(s), 0 error(s), 0 left on base; Louisville 0 - Baylor 0 |
BOTTOM OF THE 1ST |
Baylor Bears batting - Pitching for Louisville Cardinals : LHP Patrick Johnson
|
Pitching: LHP Patrick Johnson
|
|
Batting: SHB Rob Lowe
|
0-0: Ball 1-0: Ball 2-0: Ball 3-0: Base on Balls
|
Batting: RHB Charles Walters
|
0-0: Ball 1-0: SINGLE (Flyball, 8LS) Rob Lowe to second
|
Batting: RHB Patrick Love
|
0-0: Called Strike 0-1: Fly out, F8 (Line Drive, 89M)
|
Batting: RHB Dave Coleman
|
0-0: Ball 1-0: Ball 2-0: Ball 3-0: Base on Balls Rob Lowe to third Charles Walters to second
|
Batting: RHB Deron Simmons
|
0-0: Ball 1-0: Ball 2-0: Swinging Strike 2-1: Foul Ball, location: 2F 2-2: Foul Ball, location: 2F 2-2: Strikes out swinging
|
Batting: LHB Robert Hardin
|
0-0: Foul Ball, location: 2F 0-1: Called Strike 0-2: Ball 1-2: Strikes out swinging
|
Bottom of the 1st over - 0 run(s), 1 hit(s), 0 error(s), 3 left on base; Louisville 0 - Baylor 0 |
TOP OF THE 2ND |
Louisville Cardinals batting - Pitching for Baylor Bears : LHP Travis Slaughter
|
Batting: RHB Michael Harris
|
0-0: Called Strike 0-1: Ball 1-1: Swinging Strike 1-2: Strikes out swinging
|
Batting: RHB Mike Harris
|
0-0: Ball 1-0: Called Strike 1-1: Called Strike 1-2: Fly out, F8 (Flyball, 8RS)
|
Batting: RHB Bobby Hendricks
|
0-0: Foul Ball, location: 2F 0-1: Ball 1-1: Foul Ball, location: 2F 1-2: Ball 2-2: SOLO HOME RUN (Flyball, 9LD), Distance : 316 ft
|
Batting: RHB Victor Gilbert
|
0-0: Called Strike 0-1: Ball 1-1: Foul Ball, location: 2F 1-2: Fly out, F9 (Flyball, 9S)
|
Top of the 2nd over - 1 run(s), 1 hit(s), 0 error(s), 0 left on base; Louisville 1 - Baylor 0 |
BOTTOM OF THE 2ND |
Baylor Bears batting - Pitching for Louisville Cardinals : LHP Patrick Johnson
|
Batting: RHB Mike Armstrong
|
0-0: Called Strike 0-1: Ball 1-1: Ball 2-1: Called Strike 2-2: Strikes out swinging, 2-3 out at first.
|
Batting: RHB Bill Ward
|
0-0: Called Strike 0-1: Foul Ball, location: 2F 0-2: Ball 1-2: Ground out 6-3 (Groundball, 56)
|
Batting: LHB Allen Hall
|
0-0: Ball 1-0: Swinging Strike 1-1: Foul Ball, location: 2F 1-2: SINGLE (Groundball, 34D)
|
Batting: SHB Rob Lowe
|
0-0: SINGLE (Groundball, 56D) Allen Hall to second
|
Batting: RHB Charles Walters
|
0-0: Ball 1-0: Called Strike 1-1: Fly out, F9 (Flyball, 9LMF)
|
Bottom of the 2nd over - 0 run(s), 2 hit(s), 0 error(s), 2 left on base; Louisville 1 - Baylor 0 |
TOP OF THE 3RD |
Louisville Cardinals batting - Pitching for Baylor Bears : LHP Travis Slaughter
|
Batting: RHB Troy Legge
|
0-0: Called Strike 0-1: Fly out, F7 (Line Drive, 7)
|
Batting: RHB Scott Cabrera
|
0-0: Ball 1-0: Swinging Strike 1-1: Ball 2-1: Foul Ball, location: 2F 2-2: Strikes out swinging
|
Batting: RHB Doug Bell
|
0-0: Called Strike 0-1: Fly out, F6 (Popup, 6)
|
Top of the 3rd over - 0 run(s), 0 hit(s), 0 error(s), 0 left on base; Louisville 1 - Baylor 0 |
BOTTOM OF THE 3RD |
Baylor Bears batting - Pitching for Louisville Cardinals : LHP Patrick Johnson
|
Batting: RHB Patrick Love
|
0-0: Swinging Strike 0-1: Called Strike 0-2: Fly out, F8 (Line Drive, 8RM)
|
Batting: RHB Dave Coleman
|
0-0: Swinging Strike 0-1: Foul Ball, location: 2F 0-2: Ground out 4-3 (Groundball, 4MS)
|
Batting: RHB Deron Simmons
|
0-0: Ball 1-0: Called Strike 1-1: Fly out, F9 (Flyball, 9D)
|
Bottom of the 3rd over - 0 run(s), 0 hit(s), 0 error(s), 0 left on base; Louisville 1 - Baylor 0 |
TOP OF THE 4TH |
Louisville Cardinals batting - Pitching for Baylor Bears : LHP Travis Slaughter
|
Batting: RHB Justin Tomlinson
|
0-0: Called Strike 0-1: Ball 1-1: Foul Ball, location: 2F 1-2: Ball 2-2: Strikes out swinging
|
Batting: RHB James Everhart
|
0-0: Swinging Strike 0-1: Swinging Strike 0-2: Ball 1-2: Single, Error in OF, E8, batter to second base
|
Batting: RHB Michael Harris
|
0-0: Called Strike 0-1: Ball 1-1: Fly out, F7 (Flyball, 7)
|
Batting: RHB Mike Harris
|
0-0: Ball 1-0: Foul Ball, location: 2F 1-1: Ground out 4-3 (Groundball, 4M)
|
Top of the 4th over - 0 run(s), 1 hit(s), 1 error(s), 1 left on base; Louisville 1 - Baylor 0 |
BOTTOM OF THE 4TH |
Baylor Bears batting - Pitching for Louisville Cardinals : LHP Patrick Johnson
|
Batting: LHB Robert Hardin
|
0-0: Ball 1-0: Called Strike 1-1: Foul Ball, location: 2F 1-2: Foul Ball, location: 2F 1-2: Strikes out looking
|
Batting: RHB Mike Armstrong
|
0-0: Ball 1-0: Fly out, F8 (Flyball, 8LS)
|
Batting: RHB Bill Ward
|
0-0: Ball 1-0: SINGLE (Flyball, 9S)
|
Batting: LHB Allen Hall
|
0-0: Ground out 1-3 (Groundball, 13S)
|
Bottom of the 4th over - 0 run(s), 1 hit(s), 0 error(s), 1 left on base; Louisville 1 - Baylor 0 |
TOP OF THE 5TH |
Louisville Cardinals batting - Pitching for Baylor Bears : LHP Travis Slaughter
|
Batting: RHB Bobby Hendricks
|
0-0: Called Strike 0-1: Called Strike 0-2: Ball 1-2: Foul Ball, location: 2F 1-2: Ball 2-2: Strikes out looking
|
Batting: RHB Victor Gilbert
|
0-0: Ball 1-0: Ball 2-0: Ball 3-0: Base on Balls
|
Batting: RHB Troy Legge
|
0-0: Called Strike 0-1: Foul Ball, location: 2F 0-2: Fly out, F7 (Flyball, 78M)
|
Batting: RHB Scott Cabrera
|
0-0: Called Strike 0-1: Ball Throwing error on steal attempt, E2 Victor Gilbert to third 1-1: Ball 2-1: Ball 3-1: Base on Balls
|
Batting: RHB Doug Bell
|
0-0: Fielders Choice at 2nd, 4-6 (Groundball, 4)
|
Top of the 5th over - 0 run(s), 0 hit(s), 1 error(s), 1 left on base; Louisville 1 - Baylor 0 |
BOTTOM OF THE 5TH |
Baylor Bears batting - Pitching for Louisville Cardinals : LHP Patrick Johnson
|
Batting: SHB Rob Lowe
|
0-0: Ball 1-0: Ball 2-0: Called Strike 2-1: Ground out 5-3 (Groundball, 56S)
|
Batting: RHB Charles Walters
|
0-0: Ball
|
|
|
|
1-0: Swinging Strike 1-1: Ground out 6-3 (Groundball, 6)
|
Batting: RHB Patrick Love
|
0-0: Ball 1-0: Swinging Strike 1-1: Swinging Strike 1-2: Ball 2-2: Fly out, F8 (Flyball, 8RS)
|
Bottom of the 5th over - 0 run(s), 0 hit(s), 0 error(s), 0 left on base; Louisville 1 - Baylor 0 |
TOP OF THE 6TH |
Louisville Cardinals batting - Pitching for Baylor Bears : LHP Travis Slaughter
|
Batting: RHB Justin Tomlinson
|
0-0: Called Strike 0-1: Foul Ball, location: 2F 0-2: Fly out, F9 (Flyball, 9LS)
|
Batting: RHB James Everhart
|
0-0: Ball 1-0: Ball 2-0: Foul Ball, location: 2F 2-1: Ball 3-1: Swinging Strike 3-2: Base on Balls
|
Pitching: LHP Rob Grant
|
|
Batting: RHB Michael Harris
|
0-0: Ball 1-0: Foul Ball, location: 2F 1-1: Ball 2-1: Fielders Choice at 2nd, 1-6 (Groundball, 13S)
|
Batting: RHB Mike Harris
|
0-0: Ball 1-0: Swinging Strike 1-1: Called Strike 1-2: Ground out 4-3 (Groundball, 4)
|
Top of the 6th over - 0 run(s), 0 hit(s), 0 error(s), 1 left on base; Louisville 1 - Baylor 0 |
BOTTOM OF THE 6TH |
Baylor Bears batting - Pitching for Louisville Cardinals : LHP Patrick Johnson
|
Batting: RHB Dave Coleman
|
0-0: Called Strike 0-1: Ball 1-1: Foul Ball, location: 2F 1-2: Ball 2-2: Foul Ball, location: 2F 2-2: Reached on error, E4 (Groundball, 4)
|
Batting: RHB Deron Simmons
|
0-0: Ball 1-0: Ball 2-0: Ball Dave Coleman is caught stealing 2nd base 3-0: Called Strike 3-1: Fly out, F8 (Flyball, 8RS)
|
Batting: LHB Robert Hardin
|
0-0: Ball 1-0: Called Strike 1-1: DOUBLE (Line Drive, 89D)
|
Pitching: RHP Jorge Flores
|
|
Batting: RHB Mike Armstrong
|
0-0: Ball 1-0: Foul Ball, location: 2F 1-1: Fly out, F8 (Flyball, 8RD)
|
Bottom of the 6th over - 0 run(s), 1 hit(s), 1 error(s), 1 left on base; Louisville 1 - Baylor 0 |
TOP OF THE 7TH |
Louisville Cardinals batting - Pitching for Baylor Bears : LHP Rob Grant
|
Batting: RHB Bobby Hendricks
|
0-0: Ball 1-0: Ball 2-0: Ball 3-0: Base on Balls
|
Batting: RHB Victor Gilbert
|
0-0: Fly out, F2 (Popup, 15S)
|
Pinch Hitting: RHB Doug Jackson
|
0-0: Ball 1-0: Ball 2-0: Called Strike 2-1: Ball Wild Pitch! Bobby Hendricks to second 3-1: Intentional Walk
|
Batting: RHB Scott Cabrera
|
0-0: Ball 1-0: SINGLE (Line Drive, 9LS) Bobby Hendricks to third Doug Jackson to second
|
Batting: RHB Doug Bell
|
0-0: Called Strike 0-1: Fly out, F7 (Flyball, 7S)
|
Batting: RHB Justin Tomlinson
|
0-0: Ball 1-0: Called Strike 1-1: Ball 2-1: Foul Ball, location: 2F 2-2: Strikes out swinging
|
Top of the 7th over - 0 run(s), 1 hit(s), 0 error(s), 3 left on base; Louisville 1 - Baylor 0 |
BOTTOM OF THE 7TH |
Baylor Bears batting - Pitching for Louisville Cardinals : RHP Jorge Flores
|
Now at 2B: George Richards
|
|
Batting: RHB Bill Ward
|
0-0: Foul Ball, location: 2F 0-1: Foul Ball, location: 2F 0-2: Foul Ball, location: 2F 0-2: Ball 1-2: Foul Ball, location: 2F 1-2: Ball 2-2: Ball 3-2: Base on Balls
|
Batting: LHB Allen Hall
|
0-0: Called Strike 0-1: SINGLE (Groundball, 34) (infield hit) Bill Ward to second
|
Pinch Hitting: LHB Jeff Sellers
|
0-0: Sac Bunt - play at first, batter OUT! 3-4 Bill Ward to third Allen Hall to second
|
Pinch Hitting: LHB Pepe González
|
0-0: Reached on error, E4 (Groundball, 34) Bill Ward scores Allen Hall to third
|
Batting: RHB Patrick Love
|
0-0: Fly out, F9 (Flyball, 89S) Runner from 3rd tags up, SCORES, no throw
|
Pitching: RHP Orlando Gonzáles
|
|
Batting: RHB Dave Coleman
|
0-0: Called Strike 0-1: Foul Ball, location: 2F 0-2: Hit by Pitch Pepe González to second
|
Batting: RHB Deron Simmons
|
0-0: Ball 1-0: Called Strike 1-1: Swinging Strike 1-2: Foul Ball, location: 2F 1-2: Ball 2-2: Ball 3-2: Foul Ball, location: 2F 3-2: Fly out, F8 (Flyball, 89M)
|
Bottom of the 7th over - 2 run(s), 1 hit(s), 1 error(s), 2 left on base; Louisville 1 - Baylor 2 |
TOP OF THE 8TH |
Louisville Cardinals batting - Pitching for Baylor Bears : LHP Rob Grant
|
Pitching: RHP Dave Thompson
|
|
Now in LF: Pepe González
|
|
Now in CF: Jeff Sellers
|
|
Batting: RHB James Everhart
|
0-0: Swinging Strike 0-1: Foul Ball, location: 2F 0-2: Strikes out swinging
|
Batting: RHB Michael Harris
|
0-0: SOLO HOME RUN (Flyball, 78XD), Distance : 379 ft
|
Batting: RHB Mike Harris
|
0-0: Fly out, F7 (Flyball, 7)
|
Batting: RHB Bobby Hendricks
|
0-0: Ball 1-0: Ball 2-0: Fly out, F9 (Flyball, 9S)
|
Top of the 8th over - 1 run(s), 1 hit(s), 0 error(s), 0 left on base; Louisville 2 - Baylor 2 |
BOTTOM OF THE 8TH |
Baylor Bears batting - Pitching for Louisville Cardinals : RHP Orlando Gonzáles
|
Pinch Hitting: LHB Sergio García
|
0-0: Ball 1-0: Reached via error on a dropped throw, E3
|
Batting: RHB Mike Armstrong
|
0-0: Sac Bunt - play at second, runner OUT -> throw to first, DP!
|
Batting: RHB Bill Ward
|
0-0: Ball 1-0: Ball 2-0: Ball 3-0: Base on Balls
|
Batting: LHB Allen Hall
|
0-0: Ball 1-0: SINGLE (Groundball, 34) (infield hit) Bill Ward to second
|
Batting: LHB Jeff Sellers
|
0-0: Foul Ball, location: 2F 0-1: Ball 1-1: SINGLE (Flyball, 8LS) Bill Ward to third Allen Hall to second
|
Batting: LHB Pepe González
|
0-0: Ball 1-0: Foul Ball, location: 2F 1-1: Ball 2-1: Called Strike 2-2: Ground out 4-3 (Groundball, 4M)
|
Bottom of the 8th over - 0 run(s), 2 hit(s), 1 error(s), 3 left on base; Louisville 2 - Baylor 2 |
TOP OF THE 9TH |
Louisville Cardinals batting - Pitching for Baylor Bears : RHP Dave Thompson
|
Pitching: RHP Randy Ball
|
|
Now in RF: Tim Church
|
|
Batting: RHB Victor Gilbert
|
0-0: Ball 1-0: SINGLE (Flyball, 89M)
|
Batting: RHB George Richards
|
0-0: Ball 1-0: Sac Bunt - play at first, batter OUT! 1-4 Victor Gilbert to second
|
Batting: RHB Scott Cabrera
|
0-0: Swinging Strike 0-1: Foul Ball, location: 2F 0-2: Ball 1-2: Strikes out looking
|
Batting: RHB Doug Bell
|
0-0: Ball 1-0: Called Strike 1-1: Foul Ball, location: 2F 1-2: Ball 2-2: Ball 3-2: Foul Ball, location: 2F 3-2: Strikes out looking
|
Top of the 9th over - 0 run(s), 1 hit(s), 0 error(s), 1 left on base; Louisville 2 - Baylor 2 |
BOTTOM OF THE 9TH |
Baylor Bears batting - Pitching for Louisville Cardinals : RHP Orlando Gonzáles
|
Batting: RHB Patrick Love
|
0-0: DOUBLE (Line Drive, 9LS)
|
Batting: RHB Dave Coleman
|
0-0: Intentional Walk
|
Pinch Hitting: RHB Greg Williams
|
0-0: Ball Patrick Love is caught stealing 3rd base Dave Coleman to second 1-0: Intentional Walk
|
Batting: RHB Tim Church
|
0-0: Ball 1-0: Swinging Strike 1-1: Ball 2-1: Ball 3-1: Reached on error, E5 (Groundball, 56) Dave Coleman scores
|
Thursday, March 30th, 2017 - OOTP Baseball 17.12 Build 75
|
|